 Dungeon Crawl Stone Soup version 0.29.1-12-g30fa7ad0bf (webtiles) character file.

Game seed: 9447013161748012509

131400 McKennaii the Stormcaller (level 16, 0/116 HPs)
             Began as a Demigod Conjurer on Jan 5, 2023.
             Killed from afar by Aizul (42 damage)
             ... with a bolt of poison
             ... on level 1 of the Snake Pit.
             The game lasted 01:24:02 (32594 turns).

McKennaii the Stormcaller (Demigod Conjurer)       Turns: 32594, Time: 01:24:03

Health: 0/116      AC: 13    Str: 12    XL:     16   Next: 7%
Magic:  8/48       EV:  2    Int: 47    God:
Gold:   1762       SH:  0    Dex: 12    Spells: 9/41 levels left

rFire   + . .      SeeInvis .   J - staff of air
rCold   + . .      Faith    .   Z - +0 buckler {AC+3}
rNeg    + . .      Spirit   .   S - +0 troll leather armour
rPois   .          Reflect  .   P - +3 hat of Pondering {ponderous, Will+ MP+10 Int+5}
rElec   +          Harm     .   O - scarf {rC+ rF+}
rCorr   .          Rampage  .   d - -1 pair of gloves "Assyps" {Regen+ Slay+3}
Will    ++...                   N - +1 pair of boots {Fly}
Stlth   ++........              h - amulet of magic regeneration
HPRegen 1.89/turn               Y - +6 ring of intelligence
MPRegen 0.71/turn               y - ring of positive energy

@: lethally poisoned (0 -> -7), sleeping, flying, slow
A: high MP 1, forlorn, divine attributes
a: no special abilities


You were on level 1 of the Snake Pit.
You visited 6 branches of the dungeon, and saw 25 of its levels.
You also visited: Ossuary, Gauntlet and Volcano.

You collected 2342 gold pieces.
You spent 580 gold pieces at shops.

Inventory:

Hand Weapons
 B - the +4 dagger "Tuoleori" {vorpal, rPois}
   (You found it on level 4 of the Dungeon)

   It inflicts extra damage upon your enemies.
   rPois:     It protects you from poison.
Armour
 d - the -1 pair of gloves "Assyps" (worn) {Regen+ Slay+3}
   (You found it in a Gauntlet)

   Slay:      It affects your accuracy & damage with ranged weapons and melee
   (+3).
   Regen:     It increases your rate of health regeneration.
 i - a +0 tower shield of reflection
 N - a +1 pair of boots of flying (worn)
 O - a scarf of resistance (worn)
 P - the +3 hat of Pondering (worn) {ponderous, Will+ MP+10 Int+5}
   (You took it off Gastronok on level 9 of the Dungeon)

   Int:       It affects your intelligence (+5).
   MP:        It affects your magic capacity (+10).
   Will:      It increases your willpower.
 R - the +2 chain mail of Xely {Harm rF++ rC- Str+3}
   (You found it on level 10 of the Dungeon)

   Str:       It affects your strength (+3).
   rF:        It greatly protects you from fire.
   rC:        It makes you vulnerable to cold.
   Harm:      It increases damage dealt and taken.
 S - a +0 troll leather armour (worn)
 Z - a +0 buckler of protection (worn)
Magical Staves
 J - a staff of air (weapon)
Jewellery
 h - an amulet of magic regeneration (around neck)
 l - the macabre finger necklace {rN+}
   (You found it in a Gauntlet)

   [amulet of nothing]

   It enables you to equip an extra ring.
   rN:        It protects you from negative energy.
 y - a ring of positive energy (right hand)
 U - a ring of ice
 V - a ring of fire
 Y - a +6 ring of intelligence (left hand)
Wands
 a - a wand of roots (13)
 n - a wand of flame (73)
 H - a wand of paralysis (28)
 K - a wand of mindburst (17)
 T - a wand of acid (5)
Scrolls
 c - a scroll of enchant weapon
 e - 3 scrolls of brand weapon
 g - 2 scrolls of silence
 m - 2 scrolls of summoning
 s - 3 scrolls of enchant armour
 u - 7 scrolls of teleportation
 w - 3 scrolls of vulnerability
 z - 4 scrolls of magic mapping
 C - 2 scrolls of blinking
 E - 3 scrolls of fear
 I - 2 scrolls of poison {unknown}
 L - 8 scrolls of amnesia {unknown}
 Q - 3 scrolls of immolation {unknown}
 W - 3 scrolls of fog {unknown}
 X - a scroll of identify
Potions
 b - 5 potions of magic
 f - 4 potions of ambrosia
 j - 4 potions of mutation
 k - 7 potions of brilliance
 o - 2 potions of resistance
 p - 3 potions of might
 q - 4 potions of lignification
 r - 4 potions of cancellation
 t - 5 potions of flight
 v - 8 potions of haste
 A - 10 potions of heal wounds
 D - 3 potions of attraction {unknown}
 F - 12 potions of curing
 M - 3 potions of invisibility {unknown}


   Skills:
 - Level 4.0 Fighting
 - Level 6.0 Armour
 - Level 7.0 Dodging
 - Level 1.7 Stealth
 - Level 4.0 Shields
 + Level 13.4 Spellcasting
 + Level 12.4 Conjurations
 - Level 3.0 Summonings
 * Level 17.1 Air Magic
 * Level 5.1 Earth Magic


You had 9 spell levels left.
You knew the following spells:

 Your Spells              Type           Power      Damage    Failure   Level
a - Magic Dart            Conj           100%       1d8       0%          1
b - Searing Ray           Conj           100%       2d8       0%          2
c - Iskenderun's Mystic   Conj/Tloc      74%        2d15      1%          4
d - Lightning Bolt        Conj/Air       65%        1d89      1%          5
e - Lehudib's Crystal Sp  Conj/Erth      42%        10d10     92%         8
v - Summon Lightning Spi  Summ/Air       100%       N/A       1%          4
x - Maxwell's Capacitive  Air            69%        ∞         7%          8

Your spell library contained the following spells:

 Spells                   Type           Power      Damage    Failure   Level
 Static Discharge         Conj/Air       100%       3-16/arc  0%          2
 Beastly Appendage        Tmut           62%        N/A       1%          1
 Freeze                   Ice            100%       1d11      1%          1
 Necrotise                Necr           100%       1d9       1%          1
 Sting                    Tmut/Pois      100%       1d8       1%          1
 Summon Small Mammal      Summ           100%       N/A       1%          1
 Ensorcelled Hibernation  Hex/Ice        62%        N/A       1%          2
 Poisonous Vapours        Pois/Air       100%       N/A       1%          2
 Wereblood                Tmut           31%        N/A       1%          2
 Call Canine Familiar     Summ           56%        N/A       1%          3
 Dazzling Flash           Conj/Hex       100%       N/A       1%          3
 Summon Guardian Golem    Hex/Summ       45%        N/A       1%          3
 Corpse Rot               Necr/Pois/Air  91%        N/A       1%          4
 Fulminant Prism          Conj/Hex       37%        3d18      1%          4
 Hailstorm                Conj/Ice       74%        3d15      1%          4
 Silence                  Hex/Air        53%        N/A       1%          5
 Frozen Ramparts          Ice            62%        1d10      3%          3
 Gell's Gravitas          Tloc           31%        N/A       3%          3
 Lesser Beckoning         Tloc           31%        N/A       3%          3
 Portal Projectile        Hex/Tloc       62%        N/A       3%          3
 Spider Form              Tmut/Pois      31%        N/A       3%          3
 Teleport Other           Tloc           31%        N/A       3%          3
 Tukima's Dance           Hex            31%        N/A       3%          3
 Vampiric Draining        Necr           31%        2d8       3%          3
 Leda's Liquefaction      Hex/Erth       27%        N/A       4%          4
 Lee's Rapid Deconstruct  Erth           34%        3d18*     4%          5
 Anguish                  Hex/Necr       15%        N/A       12%         4
 Animate Dead             Necr           31%        N/A       12%         4
 Dispel Undead            Necr           31%        3d14      12%         4
 Olgreb's Toxic Radiance  Pois           31%        N/A       12%         4
 Passage of Golubria      Tloc           31%        N/A       12%         4
 Borgnjor's Vile Clutch   Necr/Erth      27%        N/A       12%         5
 Summon Forest            Summ/Tloc      22%        N/A       19%         5
 Summon Mana Viper        Hex/Summ       45%        N/A       19%         5
 Storm Form               Tmut/Air       53%        N/A       30%         7
 Agony                    Necr           31%        N/A       34%         5
 Blade Hands              Tmut           15%        N/A       34%         5
 Metabolic Englaciation   Hex/Ice        15%        N/A       34%         5
 Yara's Violent Unravell  Hex/Tmut       15%        3d8       34%         5
 Summon Cactus Giant      Summ           28%        N/A       50%         6
 Death Channel            Necr           15%        N/A       88%         6
 Dispersal                Tloc           15%        N/A       88%         6
 Enfeeble                 Hex            15%        N/A       100%        7
 Ozocubu's Refrigeration  Ice            15%        4d10      100%        7
 Disjunction              Tloc           15%        N/A       100%        8
 Ignition                 Fire           15%        3d6       100%        8


Dungeon Overview and Level Annotations

Branches:
Dungeon (15/15)            Temple (1/1) D:7            Lair (5/5) D:10
 Shoals (0/4) Lair:3        Snake (1/4) Lair:2        Slime (0/5) Lair:4
    Orc (2/2) D:11            Elf (0/3) Orc:2        Vaults (0/5) D:13
 Depths (1/4) D:15        Ossuary (visited)         Volcano (visited)
Gauntlet (visited)

Shops:
D:10 *   D:11 *   Orc:2 ?!=[   Snake:1 [

Annotations:
Snake:1 Aizul


Innate Abilities, Weirdness & Mutations

You have an increased reservoir of magic. (+10% MP)
You shall have no god before yourself.
Your divine heritage dramatically boosts your attributes as you level up.


Message History

The bolt of lightning hits the naga mage.
The naga mage is lightly wounded.
Aizul casts a spell at you. The bolt of poison hits you!!!
You are poisoned.
The naga sharpshooter unwields a +0 short sword.
The naga sharpshooter wields a +0 shortbow.
The naga sharpshooter shoots an arrow.
The arrow hits you!!
Unknown command.
Casting: Lightning Bolt (safe; 1% risk of failure)
Confirm with . or Enter, or press ? or * to list all spells.
Aiming: Lightning Bolt (safe; 1% risk of failure)
Press: ? - help, Shift-Dir - straight line, f - naga mage
Aim: a naga mage, wielding a +0 flail and wearing a +0 robe (lightly wounded, 71% to hit)
You feel a surge of power!
You hear a mighty clap of thunder!
The bolt of lightning hits Aizul!!!
Aizul is almost dead.
The bolt of lightning hits the naga mage!!!
You kill the naga mage!
The bolt of lightning misses the naga.
The bolt of lightning hits the naga!!!
You kill the naga!
You feel very sick. Aizul casts a spell at you. The bolt of poison hits you!!
You are more poisoned.
* * * LOW HITPOINT WARNING * * *
Unknown command.
Blink to where?
Press: ? - help, Dir - move target
As you read the scroll of blinking, it crumbles to dust.
You feel extremely sick.
You feel better.
Aizul screams, "I'll haunt your nightmares!"
Aizul casts a spell at you.
You fall asleep.
Aizul coils herself and waves her upper body at you.
The bolt of poison hits you!!!
You are poisoned.
You die...

.## ##### #####
.).N###...###..##### #...#
..N..}......† ##...# #...##
....)S?...# #....#######.....
###.N.######....#.......###
#........S.@.........##...#
.....####...########...###.).##
..## #......# #######....# .
#....#..# #........ #....# .#
#.......# ##...# # #.......#
##### #####...# .....# #.#####


You could see Aizul and a naga sharpshooter.

Vanquished Creatures
  Rupert (D:13)
  Kirke (Lair:3)
  Gastronok (D:9)
  Agnes (Snake:1)
  The ghost of peterlawrence the Warrior, a journeyman MiFi of Okawaru (Lair:4)
  A very ugly thing (D:15)
  Nessos (D:13)
  Azrael (D:12)
  A minotaur (Gauntlet)
  A dire elephant (Lair:5)
  An ettin (Orc:2)
  6 hydras
  A rakshasa (D:15)
  2 catoblepae (Lair:5)
  An anaconda (Snake:1)
  Fannar (Lair:1)
  7 boulder beetles
  A deep troll shaman (Lair:5)
  13 centaur warriors
  2 naga warriors (Snake:1)
  4 ogre magi
  A two-headed ogre (shapeshifter) (D:14)
  14 two-headed ogres
  5 death yaks (Lair:5)
  A dancing weapon (Volcano)
  7 tengu warriors
  A vampire mage (D:15)
  A thrashing horror (Gauntlet)
  The ghost of ababab the Jinx, a journeyman FeEn of Dithmenos (Lair:1)
  Sonja (Lair:3)
  Urug (D:13)
  Nergalle (Lair:3)
  12 skeletal warriors
  Amaemon (D:9)
  A deep troll (Lair:1)
  A lindwurm (Orc:1)
  5 wizards
  Pikel (D:9)
  2 orc knights (Orc:2)
  A necromancer (D:15)
  5 deep elf pyromancers
  5 ugly things
  A wolf spider (D:10)
  An orc sorcerer (Orc:1)
  An oklob plant (Lair:2)
  A wolf spider (shapeshifter) (D:13)
  3 toenail golems (Volcano)
  6 cyclopes
  4 salamanders (Snake:1)
  A fire giant skeleton (D:15)
  7 elephants (Lair:5)
  2 manticores
  2 moths of wrath (Lair:4)
  2 naga magi (Snake:1)
  Maurice (D:13)
  An orange demon (D:9)
  2 torpor snails
  A guardian serpent (Snake:1)
  4 gargoyles
  Maggie (D:9)
  7 black mambas
  9 cane toads
  A spriggan zombie (D:15)
  Psyche (D:9)
  2 unseen horrors (D:12)
  7 rime drakes
  8 komodo dragons
  2 efreet
  A freezing wraith (D:13)
  A yaktaur (D:15)
  2 tengu conjurers (Depths:1)
  An ice devil (Gauntlet)
  A merfolk (Lair:3)
  7 trolls
  A meliai (D:11)
  A wind drake (shapeshifter) (D:14)
  3 hornets
  3 polar bears
  14 blink frogs
  7 slime creatures
  3 dream sheep (Lair:5)
  3 centaur simulacra
  2 shadows
  A wraith (D:11)
  5 spriggans (Lair:4)
  3 wyverns
  A yak (shapeshifter) (D:10)
  5 hogs (Lair:3)
  64 yaks
  3 fire elementals
  6 basilisks
  20 humans
  2 steam dragons
  6 nagas (Snake:1)
  A tengu zombie (D:15)
  10 water moccasins
  2 acid dragons
  4 hell hounds
  An ice beast (D:7)
  4 sky beasts
  2 black bears
  36 orc warriors
  A meliai simulacrum (Gauntlet)
  A floating eye zombie (D:15)
  6 ogres
  4 boggarts (D:15)
  4 small abominations (Gauntlet)
  9 wolves
  20 centaurs
  2 phantoms (D:11)
  2 lemures (D:9)
  3 elf zombies (Ossuary)
  3 kobold brigands
  A necrophage (D:7)
  12 bullfrogs
  2 gnoll sergeants
  A hornet simulacrum (Gauntlet)
  A troll zombie (D:11)
  A howler monkey (D:8)
  5 electric eels
  3 centaur zombies (Ossuary)
  16 orc priests
  Crazy Yiuf (D:3)
  A hound (D:5)
  2 jellies
  A gnoll bouda (D:10)
  Ijyb (D:3)
  4 iguanas
  21 orc wizards
  7 ogre zombies (D:11)
  2 mummies (Ossuary)
  14 gnolls
  16 adders
  2 shadow imps
  7 white imps
  An ufetubus (D:5)
  2 worms (D:2)
  10 dart slugs
  75 orcs
  3 ball pythons
  6 endoplasms
  3 giant cockroaches
  5 goblins
  3 hobgoblins
  4 jackals (D:4)
  14 kobolds
  4 quokkas
  5 frilled lizards
  5 goblin zombies
  11 hobgoblin zombies
  A jackal zombie (Ossuary)
  9 kobold zombies (Ossuary)
  7 orc skeletons (D:11)
  22 orc zombies
  4 rats
  2 rat zombies
793 creatures vanquished.

Vanquished Creatures (collateral kills)
  2 toenail golems (Volcano)
  4 orc warriors (Orc:2)
  An ogre (Orc:2)
  A centaur (Orc:2)
  An orc priest (Orc:2)
  5 orcs
14 creatures vanquished.

Vanquished Creatures (others)
  A wizard (Volcano)
  2 humans (Lair:3)
  3 bushes (Lair:4)
  A demonic plant (Gauntlet)
  17 fungi
  54 plants
  31 withered plants
109 creatures vanquished.

Grand Total: 916 creatures vanquished

Notes
Turn   | Place    | Note
-------+----------+-------------------------------------------
     0 | D:1      | McKennaii the Demigod Conjurer began the quest for the Orb.
     0 | D:1      | Reached XP level 1. HP: 14/14 MP: 5/5
   625 | D:1      | Reached XP level 2. HP: 20/20 MP: 4/7
  1650 | D:3      | Learned a level 2 spell: Searing Ray
  1820 | D:3      | Noticed Ijyb
  1834 | D:3      | Killed Ijyb
  1835 | D:3      | Reached XP level 3. HP: 10/26 MP: 1/9
  2421 | D:3      | Reached XP level 4. HP: 33/33 MP: 5/10
  2568 | D:3      | You fall into a shaft and drop 3 floors!
  2583 | D:6      | Learned a level 4 spell: Iskenderun's Mystic Blast
  2593 | D:7      | Noticed a sky beast
  2593 | D:7      | Noticed a bullfrog
  2593 | D:7      | Noticed a kobold brigand
  2593 | D:7      | Noticed a sky beast
  2601 | D:6      | Killed a sky beast
  2602 | D:6      | Reached XP level 5. HP: 27/38 MP: 3/12
  2871 | D:5      | Entered Level 5 of the Dungeon
  2960 | D:5      | Noticed a centaur
  2964 | D:5      | Found a sand-covered staircase.
  3017 | Ossuary  | Entered an ossuary
  3662 | Ossuary  | Reached skill level 5 in Conjurations
  3662 | Ossuary  | Reached XP level 6. HP: 21/45 MP: 0/14
  4672 | D:3      | Found a runed translucent door.
  4673 | D:3      | Noticed Crazy Yiuf
  4682 | D:3      | Killed Crazy Yiuf
  4683 | D:3      | Reached XP level 7. HP: 17/49 MP: 7/16
  5661 | D:4      | Identified the +4 dagger "Tuoleori" {vorpal, rPois}
  6720 | D:5      | Reached skill level 5 in Spellcasting
  7439 | D:6      | Reached XP level 8. HP: 43/57 MP: 10/19
  7779 | D:6      | Noticed a two-headed ogre
  8991 | D:7      | Found a staircase to the Ecumenical Temple.
  9014 | Temple   | Entered the Ecumenical Temple
  9326 | D:7      | Found a large runed translucent door.
  9327 | D:7      | Found a large runed translucent door.
  9772 | D:7      | Reached XP level 9. HP: 62/62 MP: 17/23
  9807 | D:7      | Learned a level 5 spell: Lightning Bolt
 10116 | D:7      | Reached skill level 1 in Fighting
 10116 | D:7      | Reached skill level 1 in Air Magic
 10715 | D:6      | Killed a two-headed ogre
 10716 | D:6      | Reached skill level 2 in Air Magic
 11657 | D:8      | Reached skill level 3 in Air Magic
 12015 | D:8      | Reached skill level 5 in Dodging
 13134 | D:9      | Noticed Gastronok
 13152 | D:9      | Noticed Amaemon
 13152 | D:9      | Noticed an orange demon
 13179 | D:9      | Noticed Pikel
 13188 | D:9      | Killed Pikel
 13189 | D:9      | Reached XP level 10. HP: 76/77 MP: 10/25
 13312 | D:9      | Noticed Psyche
 13316 | D:9      | Killed Psyche
 13317 | D:9      | Reached skill level 4 in Air Magic
 13420 | D:9      | Noticed Maggie
 13436 | D:9      | Killed Maggie
 13835 | D:9      | Killed Gastronok
 13836 | D:9      | Reached skill level 5 in Air Magic
 14247 | D:9      | Killed Amaemon
 14483 | D:10     | Entered Level 10 of the Dungeon
 14493 | D:10     | Found Birraur's General Store.
 14593 | D:10     | Bought a potion of curing for 36 gold pieces
 14628 | D:10     | Noticed a two-headed ogre
 14637 | D:10     | Killed a two-headed ogre
 14638 | D:10     | Reached skill level 6 in Air Magic
 14966 | D:10     | Reached XP level 11. HP: 64/84 MP: 20/27
 15129 | D:10     | Noticed a two-headed ogre
 15262 | D:10     | Found a staircase to the Lair.
 15269 | D:10     | Killed a two-headed ogre
 15270 | D:10     | Reached skill level 10 in Conjurations
 15337 | D:10     | Noticed an angel
 15700 | D:10     | Noticed a deep elf pyromancer
 15701 | D:10     | Killed a deep elf pyromancer
 15702 | D:10     | Reached skill level 7 in Air Magic
 15702 | D:10     | Noticed a centaur warrior
 15703 | D:10     | Killed a centaur warrior
 15783 | D:10     | Noticed a boulder beetle
 15786 | D:10     | Killed a boulder beetle
 15791 | D:10     | Noticed an ogre mage
 15792 | D:10     | Killed an ogre mage
 15980 | D:10     | Identified the +8 battleaxe of the Lurker {vorpal, Contam
                  | rPois Int+4}
 15995 | D:10     | Reached skill level 8 in Air Magic
 16123 | D:10     | Identified the +2 chain mail of Xely {Harm rF++ rC- Str+3}
 16205 | D:10     | Learned a level 4 spell: Summon Lightning Spire
 16259 | D:11     | Noticed a centaur warrior
 16261 | D:11     | Killed a centaur warrior
 16262 | D:11     | Noticed a centaur warrior
 16263 | D:11     | Killed a centaur warrior
 16264 | D:11     | Reached skill level 1 in Summonings
 16988 | D:11     | Found a staircase to the Orcish Mines.
 17274 | D:11     | Found Wuffesan's General Store.
 17277 | D:11     | Bought a scroll of teleportation for 51 gold pieces
 17277 | D:11     | Bought a potion of mutation for 136 gold pieces
 17685 | D:11     | Noticed a boulder beetle
 17687 | D:11     | Killed a boulder beetle
 17706 | D:11     | Reached skill level 9 in Air Magic
 17710 | D:11     | Reached XP level 12. HP: 91/91 MP: 7/30
 17926 | D:12     | Noticed an eight-headed hydra
 17928 | D:12     | Killed an eight-headed hydra
 17937 | D:12     | Noticed a five-headed hydra
 17940 | D:12     | Killed a five-headed hydra
 17941 | D:12     | Reached skill level 1 in Armour
 18192 | D:12     | Noticed Azrael
 18332 | D:12     | Killed Azrael
 18684 | D:13     | Noticed Rupert
 18684 | D:13     | Noticed Urug
 18684 | D:13     | Noticed Nessos
 18684 | D:13     | Noticed a boulder beetle
 18684 | D:13     | Found a gate to the Vaults.
 18738 | D:13     | Reached skill level 10 in Air Magic
 18807 | D:13     | Killed Nessos
 18851 | D:13     | Noticed Maurice
 18855 | D:13     | Reached skill level 10 in Spellcasting
 18902 | D:13     | Killed Maurice
 18995 | D:13     | Killed Rupert
 19069 | D:13     | Killed Urug
 19137 | D:13     | Killed a boulder beetle
 19197 | D:13     | Reached skill level 11 in Air Magic
 19197 | D:13     | Reached XP level 13. HP: 96/96 MP: 12/32
 19384 | D:13     | Reached skill level 1 in Shields
 20157 | D:14     | Reached skill level 5 in Armour
 20409 | D:14     | Reached skill level 12 in Air Magic
 21481 | D:15     | Entered Level 15 of the Dungeon
 21567 | D:15     | Reached XP level 14. HP: 84/104 MP: 22/34
 21726 | D:15     | Reached skill level 13 in Air Magic
 22294 | D:15     | Reached skill level 14 in Air Magic
 22359 | D:15     | Found a staircase to the Depths.
 22859 | Depths:1 | Entered Level 1 of the Depths
 23054 | Lair:1   | Entered Level 1 of the Lair of Beasts
 23089 | Lair:1   | Noticed Fannar
 23166 | Lair:1   | Killed Fannar
 23496 | Lair:1   | Found a runed translucent door.
 23496 | Lair:1   | Noticed ababab's ghost (journeyman FeEn)
 24294 | Lair:1   | Killed ababab's ghost
 24362 | Lair:2   | Found a staircase to the Snake Pit.
 24491 | Lair:2   | Got the Reference Book on Charms
 25338 | Lair:3   | Noticed Nergalle
 25345 | Lair:3   | Killed Nergalle
 25346 | Lair:3   | Reached skill level 15 in Air Magic
 25814 | Lair:3   | Noticed Kirke
 25936 | Lair:3   | Killed Kirke
 26056 | Lair:3   | Reached XP level 15. HP: 110/110 MP: 15/36
 26137 | Lair:3   | Noticed Sonja
 26148 | Lair:3   | Killed Sonja
 26167 | Lair:3   | Learned a level 8 spell: Maxwell's Capacitive Coupling
 26392 | Lair:3   | Found a staircase to the Shoals.
 26606 | Lair:4   | Found a gate leading to a gauntlet.
 26643 | Gauntlet | Entered a Gauntlet
 26643 | Gauntlet | Found a transporter.
 26643 | Gauntlet | Found a transporter.
 26644 | Gauntlet | Found a transporter.
 26645 | Gauntlet | Found a transporter.
 26645 | Gauntlet | Found a transporter.
 26649 | Gauntlet | Found a transporter.
 26656 | Gauntlet | Found a transporter.
 26656 | Gauntlet | Found a transporter.
 26657 | Gauntlet | Found a transporter.
 26658 | Gauntlet | Found the macabre finger necklace {rN+}
 26659 | Gauntlet | Found a transporter.
 26667 | Gauntlet | Found a transporter.
 26668 | Gauntlet | Found a transporter.
 26896 | Gauntlet | Identified the -1 pair of gloves "Assyps" {Regen+ Slay+3}
 27002 | Gauntlet | Identified the +7 short sword "Guil" {flame, rElec rC++
                  | Str+4 SInv}
 27408 | Lair:4   | Found a staircase to the Slime Pits.
 27442 | Lair:4   | Found a transporter.
 27512 | Lair:4   | Found a transporter.
 27643 | Lair:4   | Noticed peterlawrence's ghost (journeyman MiFi)
 27973 | Lair:4   | Killed peterlawrence's ghost
 27976 | Lair:4   | Reached skill level 16 in Air Magic
 27993 | Lair:4   | Identified the +0 hat "Huschalit" {rN+ Int+2}
 28072 | Lair:5   | Entered Level 5 of the Lair of Beasts
 28553 | Lair:5   | Identified a scroll of acquirement
 28555 | Lair:5   | Acquired a book of the Moon
 28566 | Lair:5   | Learned a level 8 spell: Lehudib's Crystal Spear
 28793 | Lair:5   | Reached skill level 1 in Earth Magic
 29790 | Orc:1    | Entered Level 1 of the Orcish Mines
 29980 | Orc:1    | Found a dark tunnel.
 30003 | Volcano  | Entered a volcano
 30756 | Orc:2    | Entered Level 2 of the Orcish Mines
 30853 | Orc:2    | Found a staircase to the Elven Halls.
 31629 | Orc:2    | Found Vivvos's Jewellery Shoppe.
 31629 | Orc:2    | Found Ping's Distillery.
 31629 | Orc:2    | Found Riwor's Magic Scroll Boutique.
 31643 | Orc:2    | Found Ofal's Armour Emporium.
 31648 | Orc:2    | Bought a potion of curing for 45 gold pieces
 31648 | Orc:2    | Bought a potion of curing for 45 gold pieces
 31648 | Orc:2    | Bought a potion of ambrosia for 120 gold pieces
 31650 | Orc:2    | Bought a scroll of teleportation for 42 gold pieces
 31650 | Orc:2    | Bought a scroll of magic mapping for 105 gold pieces
 32244 | Snake:1  | Entered Level 1 of the Snake Pit
 32247 | Snake:1  | Reached skill level 17 in Air Magic
 32274 | Snake:1  | Found Oren's Armour Boutique.
 32316 | Snake:1  | Noticed Agnes
 32320 | Snake:1  | Killed Agnes
 32355 | Snake:1  | Reached XP level 16. HP: 63/116 MP: 4/38
 32510 | Snake:1  | Reached skill level 5 in Earth Magic
 32584 | Snake:1  | Noticed Aizul
 32594 | Snake:1  | Killed from afar by Aizul

Illustrated notes

Levels and vault maps discovered:
D:1:      wander_arrival_lonely_grave, layout_loops_ring,
          chequers_ecumenical_altar_simple_redux
D:2:      layout_basic
D:3:      layout_basic, mainiacjoe_overflow_tiny_flanked, minivault_5,
          uniq_ijyb, uniq_crazy_yiuf_cottage
D:4:      layout_loops_ring
D:5:      layout_cave_pools, enter_ossuary_4, minmay_bent
D:6:      layout_gridville, riverfiend_overflow_shadow_ancestor,
          minmay_quadrilaterals
D:7:      kennysheep_slugbush, layout_rooms, jmf_multi_god_temple2,
          minmay_temple_entry_wispy, chequers_jeans, nicolae_fountain_basement
D:8:      layout_cave_pods, mainiacjoe_overflow_alcove_1, nicolae_eternal_life,
          minmay_ruffians
D:9:      layout_basic, okawaru_ov_weapons_minmay, grunt_decor_arrowhead,
          uniq_maggie, uniq_pikel, uniq_psyche, uniq_amaemon, uniq_gastronok
D:10:     minmay_the_grid_octo_triangle [minmay_the_grid_octo_empty,
          minmay_the_grid_octo_prize_square_snowflake,
          minmay_the_grid_octo_clover_2], layout_long_grid,
          mainiacjoe_overflow_concentric_impassable, zin_angel,
          lair_entry_dummy, serial_shops, shop
D:11:     minmay_cornered_nines, layout_irregular_city, zombieorc2_lemuel,
          serial_shops, kennysheep_mini_moat
D:12:     layout_rooms, uniq_azrael
D:13:     layout_cave_pools, david_vaults_3, minmay_fractal_squares_gapless_7,
          uniq_maurice, uniq_urug
D:14:     layout_layer_cave, nicolae_elevator_lobby_asterisk,
          trog_three_pillars_becter
D:15:     gammafunk_depths_entry_grave, layout_gridville
Temple:   cyrus_circular_temple
Lair:1:   dreamdust_cave_troll, layout_cave_pods,
          hellmonk_ghost_happy_afterlife, grunt_megastairs_3,
          serial_bayou_shore_a, lemuel_fruit_tree, infiniplex_staircase_pool_2,
          uniq_fannar
Lair:2:   layout_roguey, guppyfry_snake_entry_island,
          cheibrodos_lair_caveside_slide, nicolae_quartered_pool_super,
          infiniplex_staircase_pool
Lair:3:   layout_cellular_growth, elwin_shoals_entry_rooms, uniq_sonja,
          uniq_kirke, uniq_rupert, uniq_nergalle
Lair:4:   layout_concentric_octagons, dpeg_slime_entry_enclosed,
          gauntlet_entry_generic, gammafunk_ghost_wrathful_warriors,
          basic_altar, minmay_hedge_maze, serial_bayou_lagoon_a
Lair:5:   grunt_lair_end_beastmaster, layout_cave_pods, st_stairs_12,
          grunt_megastairs_1
Snake:1:  layout_misc_corridors, serial_shops, shop, uniq_agnes, uniq_aizul
Orc:1:    layout_caves, nicolae_volcano_entry_vermiform
Orc:2:    st_orc_rangers, layout_diamond_mine
Depths:1: layout_long_grid, hangedman_coc_ice_floe, nicolae_shop_self_help,
          grunt_megastairs_5

Skill      XL: |  1  2  3  4  5  6  7  8  9 10 11 12 13 14 15 16 |
---------------+-------------------------------------------------+-----
Dodging        | 2 3 4 5 6 7 |  7.0
Spellcasting   | 2 3 4 5 7 8 9 10 11 12 13 | 13.4
Conjurations   | 4 5 6 8 9 10 11 12 | 12.4
Fighting       | 3 4 |  4.0
Air Magic      | 3 6 9 11 12 15 17 | 17.1
Summonings     | 2 3 |  3.0
Armour         | 4 6 |  6.0
Shields        | 4 |  4.0
Earth Magic    | 4 5 |  5.1
Stealth        | |  1.7

Action                   |  1- 3 |  4- 6 |  7- 9 | 10-12 | 13-15 | 16-18 || total
-------------------------+-------+-------+-------+-------+-------+-------++-------
Melee: Mace              |    11 |     4 |       |       |       |       ||    15
       Punch             |       |     1 |       |       |       |       ||     1
       Dagger            |       |       |    15 |       |       |       ||    15
       Staff             |       |       |     2 |       |    95 |     5 ||   102
       Unarmed           |       |       |       |       |    10 |       ||    10
 Cast: Magic Dart        |    82 |    18 |   226 |    57 |    95 |     1 ||   479
       Searing Ray       |     1 |    41 |    55 |    21 |     1 |       ||   119
       Iskenderun's Myst |       |       |    14 |    53 |   118 |     2 ||   187
       Lightning Bolt    |       |       |     4 |   170 |   591 |    23 ||   788
       Summon Lightning  |       |       |       |       |    10 |       ||    10
       Maxwell's Capacit |       |       |       |       |     3 |       ||     3
Evoke: Wand              |       |       |     1 |       |     6 |       ||     7
  Use: Scroll            |       |       |     3 |    12 |     9 |     1 ||    25
       Potion            |       |       |       |     2 |       |     1 ||     3
 Stab: Distracted        |       |       |       |       |     1 |       ||     1
Armor: Robe              |     1 |    11 |    19 |    14 |       |       ||    45
       Troll leather arm |       |       |       |    25 |    98 |     5 ||   128
Dodge: Dodged            |     4 |    23 |    71 |    65 |   219 |     7 ||   389
Block: Buckler           |       |       |       |       |    84 |     4 ||    88
